 Dungeon Crawl Stone Soup version 0.31-a0-180-g519b7de00c (webtiles) character file.

Game seed: 16874335036764301873

83 Monkooky the Cudgeller (level 4, -14/33 HPs)
             Began as a Mummy Reaver on June 19, 2023.
             Was an Initiate of Okawaru.
             Killed from afar by an orc wizard (19 damage)
             ... with a puff of flame
             ... on level 3 of the Dungeon.
             The game lasted 00:04:22 (2663 turns).

Monkooky the Cudgeller (Mummy Reaver)               Turns: 2663, Time: 00:04:22

Health: -14/33     AC:  6    Str: 17    XL:     4   Next: 22%
Magic:  8/8        EV: 10    Int: 12    God:    Okawaru [......]
Gold:   205        SH:  0    Dex: 10    Spells: 7/8 levels left

rFire   x . .        f - +0 flail
rCold   + + .        (no shield)
rNeg    + + +        l - +0 ring mail
rPois   ∞            (no helmet)
rElec   .            m - +0 cloak
rCorr   .            (no gloves)
SInv    .            (no boots)
Will    .....        (no amulet) Stlth
                     c - ring of protection from cold
HPRegen 0.25/turn    (no ring)
MPRegen 0.11/turn

%: faith
@: no status effects
A: cold resistance 1, negative energy resistance 3, torment resistance 2, heat
vulnerability 1, in touch with death 1, no potions, faith
a: Renounce Religion


You were on level 3 of the Dungeon.
You worshipped Okawaru.
Okawaru was noncommittal.
You visited 1 branch of the dungeon, and saw 3 of its levels.

You collected 205 gold pieces.

Inventory:

Hand Weapons
 a - a +0 mace
 f - a +0 flail (weapon)
Missiles
 i - 5 silver javelins
 j - 3 poisoned darts (quivered)
Armour
 b - a +0 leather armour
 l - a +0 ring mail (worn)
 m - a +0 cloak (worn)
Jewellery
 c - a ring of protection from cold (left hand)
Scrolls
 d - 3 scrolls of fog
 e - a scroll of enchant weapon
 g - 3 scrolls of identify
 k - a scroll of blinking


   Skills:
 - Level 2.0 Fighting
 + Level 3.6 Maces & Flails
 - Level 1.5 Dodging
 - Level 2.6 Spellcasting
 - Level 2.4 Conjurations
 - Level 2.2 Necromancy


You had 7 spell levels left.
You knew the following spells:

 Your Spells              Type           Power      Damage    Failure   Level
a - Kiss of Death         Conj/Necr      40%        2d8       19%         1

Your spell library contained the following spells:

 Spells                   Type           Power      Damage    Failure   Level
 Momentum Strike          Conj/Tloc      8%         3d8       41%         2
 Hailstorm                Conj/Ice       4%         3d4       65%         3
 Anguish                  Hex/Necr       3%         N/A       96%         4
 Cause Fear               Hex            0%         N/A       99%         4
 Enfeeble                 Hex            0%         N/A       100%        7


Dungeon Overview and Level Annotations

Branches:
Dungeon (3/15)

Altars:
Kikubaaqudgha
Nemelex Xobeh
Okawaru

Shops:
D:1 :


Innate Abilities, Weirdness & Mutations

You are immune to poison.
Your flesh is cold resistant. (rC+)
You are immune to negative energy. (rN+++)
You are immune to unholy pain and torment.
You are vulnerable to heat. (rF-)
You are in touch with the powers of death.
You do not drink.
You have a special connection with the divine. (Faith)


Message History

You hit the orc wizard.
The orc wizard is lightly wounded.
The orc hits you but does no damage.
You hit the orc wizard.
The orc wizard is moderately wounded.
The orc hits you but does no damage.
The orc wizard hits you but does no damage.
You barely miss the orc wizard.
The orc wizard is moderately wounded.
The orc hits you with a +0 short sword.
The orc wizard points at you and mumbles some strange words.
You resist with some effort.
You hit the orc wizard.
The orc wizard is heavily wounded.
The orc hits you with a +0 short sword.
The orc wizard hits you but does no damage.
You hit the orc wizard but do no damage.
The orc wizard is heavily wounded.
The orc barely misses you. The orc wizard closely misses you.
You hit the orc wizard.
The orc wizard is severely wounded.
The orc barely misses you.
The orc wizard points at you and mumbles some strange words.
The puff of flame hits you. The fire burns you terribly!
The orc closely misses you.
You barely miss the orc wizard.
The orc wizard is severely wounded.
The orc wizard gestures at you while chanting.
The puff of flame hits you! The fire burns you terribly!
* * * LOW HITPOINT WARNING * * *
The orc hits you but does no damage.
The orc wizard hits you but does no damage.
You barely miss the orc wizard.
The orc wizard is severely wounded.
The orc hits you with a +0 short sword.
* * * LOW HITPOINT WARNING * * *
The orc wizard points at you and mumbles some strange words.
The puff of flame hits you!! The fire burns you terribly!
Ouch! That really hurt!
You die...

#.......~~........#.#...
#........P~.......#.#...
#..÷....(P~.......#.#...
#.......(...###>.##.#...
#.......(##.........[...
#........####..#######..
#........# #..#.....#..
########o####..#.#.#.#.(
#....@o........#.#....
#............#.#.#)#†.
####............#...).#..
#...............#######..
#.............>#...†...##
#............#.#...#####
#...................#####
#..........#######..#....
#..........#8...8#..#....


You could see an orc wizard and an orc.

Vanquished Creatures
  2 adders (D:2)
  A gnoll (D:1)
  3 worms
  3 orcs (D:3)
  6 endoplasms
  A giant cockroach (D:3)
  2 goblins
  4 hobgoblins
  3 jackals (D:3)
  A quokka (D:1)
  2 ball pythons
  2 bats
  5 frilled lizards
  4 kobolds
  3 rats (D:3)
42 creatures vanquished.

Notes
Turn   | Place    | Note
-------+----------+-------------------------------------------
     0 | D:1      | Monkooky the Mummy Reaver began the quest for the Orb.
     0 | D:1      | Reached XP level 1. HP: 16/16 MP: 4/4
   170 | D:1      | Reached skill level 1 in Necromancy
   270 | D:1      | Reached XP level 2. HP: 12/22 MP: 3/5
   415 | D:1      | Found Cueg's Book Boutique.
   899 | D:2      | Gained mutation: You are in touch with the powers of death.
                  | [Mummy growth]
   899 | D:2      | Reached XP level 3. HP: 11/24 MP: 5/7
  1199 | D:2      | Reached skill level 3 in Maces & Flails
  1915 | D:3      | Found a sparkling altar of Nemelex Xobeh.
  1918 | D:3      | Found an iron altar of Okawaru.
  1933 | D:3      | Found an ancient bone altar of Kikubaaqudgha.
  1941 | D:3      | Became a worshipper of Warmaster Okawaru
  2050 | D:3      | Found a faded altar of an unknown god.
  2095 | D:3      | Reached XP level 4. HP: 28/33 MP: 8/8
  2663 | D:3      | Killed from afar by an orc wizard

Illustrated notes

Levels and vault maps discovered:
D:1:      eino_arrival_cavern_e, layout_basic, serial_shops, shop,
          chequers_serial_rivers_large_a, serial_bayou_ford_a
D:2:      layout_basic, chequers_big_river
D:3:      layout_basic, nicolae_overflow_quartered_altars,
          dreamdust_ecumenical_altar_sealed_demon, minmay_misc_feat_rugged,
          serial_bayou_pond_e, minmay_checkerbox

Skill      XL: |  1  2  3 |
---------------+----------+-----
Necromancy     | 2 |  2.2
Maces & Flails | 3 |  3.6
Fighting       | |  2.0
Dodging        | |  1.5
Spellcasting   | |  2.6
Conjurations   | |  2.4

Action                     |  1- 3 |  4- 6 || total
---------------------------+-------+-------++-------
  Melee: Mace              |    12 |       ||    12
         Flail             |    96 |    62 ||   158
  Throw: Dart              |       |     3 ||     3
         Javelin           |       |     1 ||     1
   Cast: Kiss of Death     |     2 |       ||     2
    Use: Scroll            |     4 |     1 ||     5
 Armour: Leather armour    |     9 |       ||     9
         Ring mail         |    24 |    44 ||    68
  Dodge: Dodged            |    69 |    42 ||   111

Table legend: (Time is in decaauts)
 A = Elapsed time spent in this place.
 B = Non-inter-level travel time spent in this place.
 C = Inter-level travel time spent in this place.
 D = Time resting spent in this place.
 E = Time spent auto-exploring this place.
 F = Levels seen in this place.
 G = Mean time per level.
                   A        B        C        D        E       F      G
               +--------+--------+--------+--------+--------+-----+--------+
         Total |   2735 |   2617 |    118 |    111 |   2052 |   3 |  911.7 |
       Dungeon |   2735 |   2617 |    118 |    111 |   2052 |   3 |  911.7 |
               +--------+--------+--------+--------+--------+-----+--------+

Top non-repeatable levels by time:
     D:2: 1033 daAuts
     D:1: 915 daAuts
     D:3: 787 daAuts
